[ PARTIDA AOE2 · #466802466 ]
UnrankedBorgoñones vs Muisca
[ ANÁLISIS DE REPETICIÓN · EXTRAÍDO DE LA PARTIDA GRABADA ]
Feudal
—
Castillos
—
Imperial
—
| APM promedio | 12.8 |
| APM pico | 19 |
| eAPM promedio | 8.5 |
| Aldeanos / militares | 4 / 0 |
Foco
⚔️ 0.0% · 🌾 100.0%
Feudal
—
Castillos
—
Imperial
—
| APM promedio | 27.4 |
| APM pico | 45 |
| eAPM promedio | 12.2 |
| Aldeanos / militares | 5 / 0 |
Foco
⚔️ 26.7% · 🌾 73.3%
Feudal
—
Castillos
—
Imperial
—
| APM promedio | 46.9 |
| APM pico | 47 |
| eAPM promedio | 13.4 |
| Aldeanos / militares | 6 / 0 |
Foco
⚔️ 10.0% · 🌾 90.0%
Feudal
—
Castillos
—
Imperial
—
| APM promedio | 21.3 |
| APM pico | 29 |
| eAPM promedio | 11.0 |
| Aldeanos / militares | 4 / 0 |
Foco
⚔️ 8.3% · 🌾 91.7%
Feudal
—
Castillos
—
Imperial
—
| APM promedio | 24.4 |
| APM pico | 27 |
| eAPM promedio | 12.2 |
| Aldeanos / militares | 4 / 0 |
Foco
⚔️ 16.7% · 🌾 83.3%
Feudal
—
Castillos
—
Imperial
—
| APM promedio | 5.5 |
| APM pico | 5 |
| eAPM promedio | 3.0 |
| Aldeanos / militares | 0 / 0 |
Foco
⚔️ 0.0% · 🌾 100.0%
Feudal
—
Castillos
—
Imperial
—
| APM promedio | 22.5 |
| APM pico | 36 |
| eAPM promedio | 9.1 |
| Aldeanos / militares | 7 / 0 |
Foco
⚔️ 28.6% · 🌾 71.4%
Feudal
—
Castillos
—
Imperial
—
| APM promedio | 21.3 |
| APM pico | 29 |
| eAPM promedio | 15.8 |
| Aldeanos / militares | 8 / 0 |
Foco
⚔️ 19.0% · 🌾 81.0%
Mapa de la partida
Recursos iniciales + cada clic de construcción. Líneas = muros · curvas = relieve. ◆ oro · ⬟ piedra · ● bayas · ✦ reliquia · ◌ hueco del cierre
Tu base
Base de nichtadi
Base de Kev123
Base de africacup
Base de Kochkässchnitzel
Base de iOdyssey
Base de Dennis "Cutty" Wise
Base de Shorts
Terreno inicial suavizado · ◌ = hueco del cierre detectado · pasá el cursor para detalles
Inputs por minuto
— Wololo Your Wife - - nichtadi
Build order — Wololo Your Wife
4 acciones detectadas en el replay
| 0:04 | Investigar | Loom |
| 0:05 | Crear | Villager (Male) ×4 |
| 0:19 | Construir | House |
| 0:20 | Construir | House |
Build order — nichtadi
9 acciones detectadas en el replay
| 0:00 | Crear | Villager (Male) |
| 0:01 | Crear | Villager (Male) |
| 0:02 | Construir | House |
| 0:04 | Construir | House |
| 0:16 | Investigar | Loom |
| 0:22 | Crear | Villager (Male) |
| 0:22 | Crear | Villager (Male) |
| 0:22 | Crear | Villager (Male) |
| 0:38 | Construir | Palisade Wall |
Build order — Kev123
8 acciones detectadas en el replay
| 0:02 | Crear | Villager (Male) |
| 0:02 | Crear | Villager (Male) |
| 0:02 | Crear | Villager (Male) |
| 0:03 | Construir | House |
| 0:06 | Construir | House |
| 0:49 | Crear | Villager (Male) |
| 0:59 | Crear | Villager (Male) |
| 1:29 | Crear | Villager (Male) |
Build order — africacup
7 acciones detectadas en el replay
| 0:01 | Crear | Villager (Male) |
| 0:01 | Crear | Villager (Male) |
| 0:02 | Crear | Villager (Male) |
| 0:02 | Crear | Villager (Male) |
| 0:05 | Construir | House |
| 0:07 | Construir | House |
| 0:55 | Investigar | Loom |
Build order — Kochkässchnitzel
9 acciones detectadas en el replay
| 0:02 | Crear | Villager (Male) |
| 0:03 | Investigar | Loom |
| 0:04 | Construir | House |
| 0:06 | Construir | House |
| 0:25 | Crear | Villager (Male) |
| 0:26 | Crear | Villager (Male) |
| 0:26 | Crear | Villager (Male) |
| 1:10 | Construir | Palisade Wall |
| 1:35 | Construir | Palisade Wall |
Build order — iOdyssey
0 acciones detectadas en el replay
Build order — Dennis "Cutty" Wise
8 acciones detectadas en el replay
| 0:02 | Crear | Villager (Male) ×4 |
| 0:04 | Construir | House |
| 0:05 | Construir | House |
| 0:12 | Investigar | Loom |
| 0:31 | Construir | Palisade Wall |
| 0:34 | Crear | Villager (Male) |
| 0:34 | Crear | Villager (Male) |
| 0:35 | Crear | Villager (Male) |
Build order — Shorts
13 acciones detectadas en el replay
| 0:01 | Crear | Villager (Male) |
| 0:02 | Crear | Villager (Male) |
| 0:02 | Crear | Villager (Male) |
| 0:02 | Crear | Villager (Male) |
| 0:29 | Construir | House |
| 0:31 | Construir | House |
| 0:42 | Construir | House |
| 0:45 | Construir | House |
| 0:54 | Investigar | Loom |
| 0:54 | Crear | Villager (Male) |
| 0:54 | Crear | Villager (Male) |
| 0:55 | Crear | Villager (Male) |
| 1:21 | Crear | Villager (Male) |
Cronología de la partida
| 0:31 | Dennis "Cutty" Wise · wall_segment Palisade Wall x8 |
| 0:38 | nichtadi · wall_segment Palisade Wall x8 |
| 1:07 | Dennis "Cutty" Wise · resign |
| 1:10 | Kochkässchnitzel · wall_segment Palisade Wall x9 |
| 1:35 | Kochkässchnitzel · wall_segment Palisade Wall x18 |
[ ANÁLISIS IA · 1 CRÉDITO ]
¿Qué pasó realmente en esta partida?
Wolo.gg analiza cada decisión: build order, eco, micro, errores típicos por bracket. Análisis personalizado por WhatsApp o Discord en 30 segundos.
Guía civ
Borgoñones
Guía mapa
Black Forest
Perfil
Jugador #867402